 Dungeon Crawl Stone Soup version 0.28.0-47-ge53b351184 (webtiles) character file.

Game seed: 3619568469408158309

46820 Revguard the Apostle (level 14, -17/122 HPs)
             Began as a Hill Orc Fighter on May 4, 2022.
             Was a High Priest of Beogh.
             Demolished by an orc knight
             ... wielding a +0 battleaxe
              (37 damage)
             ... on level 1 of the Orcish Mines.
             The game lasted 01:06:43 (15593 turns).

Revguard the Apostle (Hill Orc Fighter)            Turns: 15593, Time: 01:06:47

Health: -17/122    AC: 25    Str: 30    XL:     14   Next: 39%
Magic:  25/25      EV: 12    Int:  8    God:    Beogh [*****.]
Gold:   956        SH:  7    Dex: 15    Spells: 13/13 levels left

rFire   . . .      SeeInvis .   v - +5 war axe (vorpal)
rCold   + . .      Faith    .   c - +0 buckler
rNeg    . . .      Spirit   .   I - +2 shadow dragon scales
rPois   +          Reflect  .   Z - +2 hat
rElec   +          Harm     .   P - +0 cloak
rCorr   .          Rampage  .   w - +1 pair of gloves of the Land of Plenty {Str+2}
Will    ++...                   t - +0 pair of boots
Stlth   ++........              n - amulet of regeneration
HPRegen 1.10/turn               o - +6 ring of strength
MPRegen 0.19/turn               K - ring "Xixtos" {rElec rC+ Dex+3 Slay+4}

@: no status effects
A: walk on water, iridescent scales 1, strong-willed 1, poison resistance
a: Renounce Religion, Smiting, Recall Orcish Followers, Give Item to Named
Follower


You were on level 1 of the Orcish Mines.
You worshipped Beogh.
Beogh was extremely pleased with you.
You visited 3 branches of the dungeon, and saw 17 of its levels.

You collected 956 gold pieces.

Inventory:

Hand Weapons
 a - a +1 war axe of electrocution
 e - a +5 dagger of venom
 v - a +5 vorpal war axe (weapon)
 B - a +5 vorpal hunting sling
 F - a +1 great sword of electrocution
 J - a +1 scimitar of holy wrath
 T - a +5 eveningstar
 Y - the +7 whip of Futomo Utuok {drain, rCorr Int+3}
   (You found it on level 13 of the Dungeon)

   A truly terrible weapon, it drains the life of any living foe it strikes.
   Int:       It affects your intelligence (+3).
   rCorr:     It protects you from acid and corrosion.
Missiles
 x - 4 javelins
 A - 11 curare-tipped darts (quivered)
 U - 5 silver javelins
Armour
 c - a +0 buckler (worn)
 j - +0 fire dragon scales
 t - a +0 pair of boots (worn)
 w - the +1 pair of gloves of the Land of Plenty (worn) {Str+2}
   (You found it on level 9 of the Dungeon)

   Str:       It affects your strength (+2).
 z - +0 acid dragon scales
 I - +2 shadow dragon scales (worn)
 L - a +3 chain mail
 O - a +0 troll leather armour
 P - a +0 cloak (worn)
 Q - +0 steam dragon scales
 R - +0 acid dragon scales
 Z - a +2 hat (worn)
Jewellery
 n - an amulet of regeneration (around neck)
 o - a +6 ring of strength (left hand)
 K - the ring "Xixtos" (right hand) {rElec rC+ Dex+3 Slay+4}
   (You found it on level 13 of the Dungeon)

   [ring of slaying]

   Dex:       It affects your dexterity (+3).
   Slay:      It affects your accuracy & damage with ranged weapons and melee
   (+4).
   rC:        It protects you from cold.
   rElec:     It insulates you from electricity.
 W - a ring of magical power
Wands
 u - a wand of charming (3)
 D - a wand of flame (27)
 G - a wand of mindburst (3)
 H - a wand of acid (3)
 N - a wand of polymorph (6)
Scrolls
 d - a scroll of magic mapping
 f - 2 scrolls of fear
 l - 2 scrolls of immolation
 p - a scroll of amnesia
 r - 5 scrolls of teleportation
 y - 4 scrolls of identify
 C - 3 scrolls of blinking
 E - 2 scrolls of fog
 V - 2 scrolls of holy word
Potions
 g - 2 potions of ambrosia
 h - 3 potions of haste
 i - a potion of brilliance
 k - 6 potions of curing
 m - a potion of magic
 q - a potion of might
 s - 4 potions of flight
Miscellaneous
 b - a phial of floods
 M - a box of beasts (inert)


   Skills:
 + Level 10.7 Fighting
 + Level 11.2 Axes
 + Level 7.9 Throwing
 + Level 9.9 Armour
 + Level 6.9 Dodging
 + Level 9.9 Shields
 * Level 15.1 Invocations
 + Level 7.7 Evocations


You had 13 spell levels left.
You didn't know any spells.
Your spell library contained the following spells:

 Spells                   Type           Power      Damage    Failure   Level
 Blink                    Tloc           0%         N/A       97%         2
 Corpse Rot               Necr/Air       0%         N/A       97%         2
 Poisonous Vapours        Pois/Air       0%         N/A       97%         2
 Sublimation of Blood     Necr           0%         N/A       97%         2
 Wereblood                Tmut           0%         N/A       97%         2
 Lesser Beckoning         Tloc           0%         N/A       99%         3
 Fireball                 Conj/Fire      0%         3d3       100%        5
 Freezing Cloud           Conj/Ice/Air   0%         6-21      100%        5
 Manifold Assault         Tloc           0%         N/A       100%        5
 Simulacrum               Ice/Necr       0%         N/A       100%        6
 Starburst                Conj/Fire      0%         6d3       100%        6
 Summon Hydra             Summ           0%         N/A       100%        7
 Ignition                 Fire           0%         3d3       100%        8
 Polar Vortex             Ice            0%         N/A       100%        9


Dungeon Overview and Level Annotations

Branches:
Dungeon (15/15)            Temple (1/1) D:7            Lair (0/6) D:10
    Orc (1/2) D:9          Vaults (0/5) D:13
 Depths: D:15

Altars:
Ashenzari
Cheibriados
Dithmenos
Elyvilon
Fedhas
Gozag
Hepliaklqana
Kikubaaqudgha
Makhleb
Nemelex Xobeh
Okawaru
Qazlal
Ru
Sif Muna
Trog
Uskayaw
Vehumet
Wu Jian
Xom
Yredelemnul
Zin
The Shining One
Beogh

Shops:
D:1 (

Portals:
Trove: D:14 (give +5 fire dragon scales)

Annotations:
D:9 2 runed translucent doors


Innate Abilities, Weirdness & Mutations

You can walk on water.
You are partially covered in iridescent scales. (AC +2)
You are strong-willed. (Will+)
Your system is resistant to poisons. (rPois)


Message History

Your orc priest dies!
Gorbash closely misses the orc knight.
The orc warrior misses your orc warrior.
You slice the orc knight!!
The orc knight is severely wounded.
You slice the orc knight!!
The orc warrior hits your orc warrior with a +0 dire flail!!
Your orc warrior dies!
Your orc warrior hits the orc warrior with a +0 halberd!!
The orc knight hits you with a +3 great mace!
Your orc hits the orc warrior but does no damage.
The orc knight hits you with a +0 battleaxe!!
The orc knight hits Gorbash but does no damage.
Your orc barely misses the orc warrior.
You closely miss the orc knight.
The orc knight is severely wounded.
You barely miss the orc knight.
The orc knight hits you with a +3 great mace!
Your orc warrior closely misses the orc warrior.
Your orc barely misses the orc warrior.
The orc knight hits you but does no damage.
The orc knight closely misses Gorbash.
The orc knight barely misses your orc warrior.
Your orc warrior hits the orc knight with a +0 dire flail!!
Gorbash hits the orc knight with a +1 vampiric lajatang!!
Gorbash is healed.
You hit the orc knight.
The orc knight is almost dead.
You slash the orc knight!
The orc knight no longer looks unusually strong.
Your orc no longer looks unusually strong.
The orc knight roars a battlecry!
The orc knight goes into a battle-frenzy!
The orc knight hits you with a +3 great mace!!
* * * LOW HITPOINT WARNING * * *
Your orc warrior closely misses the orc warrior.
Your orc hits the orc warrior but does no damage.
The orc knight hits you with a +0 battleaxe!!!
You die...
Beogh appreciates the orc knight's killing of a heretic priest.

....##........... ####
#..........).....# #...
#.........)....... #....
#................. #.)_)
#.......>.....)...
#.)ooo#.................
#..ooo#..............)..
#.)oooooo...............
#######@o...............
......ooo...........##.#
#..........##.......# ##
#...................##
.#.#$..$.............# #
##.#>.....#.#....##
##......##....###
##.##.##......#
########.#..##


You could see 4 orc knights, 3 orc warriors, the friendly Gorbash the orc
warlord, 4 friendly orc warriors, a friendly orc priest (strong), a friendly orc
wizard (strong, invisible) and 2 friendly orcs.

Vanquished Creatures
  3 boulder beetles
  3 centaur warriors
  4 two-headed ogres
  A tengu warrior (D:12)
  A vampire mage (D:13)
  3 skeletal warriors
  3 lindwurms (D:13)
  3 deep elf pyromancers
  7 ugly things
  A centaur zombie (D:11)
  Joseph (D:8)
  An ice statue (D:11)
  2 gargoyles
  3 centaur skeletons (D:13)
  3 kobold demonologists
  A yaktaur (D:13)
  An unseen horror (D:11)
  4 ice devils (D:11)
  A tengu conjurer (D:9)
  2 trolls
  Grinder (D:4)
  10 slime creatures
  A tarantella (shapeshifter) (D:9)
  2 jumping spiders (D:13)
  13 yaks
  A shadow (D:9)
  Eustachio (D:4)
  2 wyverns
  A redback (D:13)
  A basilisk (shapeshifter) (D:13)
  A basilisk (D:13)
  3 steam dragons
  2 vampire mosquitoes
  An acid dragon (D:8)
  5 water moccasins
  A black bear (D:6)
  5 orc warriors
  An ice beast (D:4)
  2 sky beasts
  A necrophage (D:4)
  4 ogres
  6 centaurs
  11 kobold brigands
  Blork the orc (D:6)
  2 bullfrogs
  A gnoll sergeant (D:10)
  5 scorpions
  A wyvern skeleton (D:7)
  A water moccasin skeleton (D:5)
  11 killer bees
  A wight (D:8)
  3 howler monkeys
  An electric eel (D:12)
  2 lava snakes (D:13)
  2 bullfrog zombies (D:6)
  2 orc priests (D:9)
  A bullfrog skeleton (D:5)
  4 hounds
  2 jellies
  4 iguanas
  6 orc wizards
  A killer bee zombie (D:8)
  2 hound zombies (D:5)
  A hound skeleton (D:3)
  A howler monkey zombie (D:8)
  A howler monkey skeleton (D:5)
  8 gnolls
  5 adders
  3 shadow imps
  2 white imps
  2 ufetubi
  3 worms
  4 dart slugs
  36 orcs
  10 ball pythons
  9 bats
  9 endoplasms
  3 giant cockroaches
  11 hobgoblins
  5 quokkas
  2 frilled lizards (D:1)
  6 goblins
  30 kobolds
  7 kobold skeletons (D:10)
  6 kobold zombies (D:10)
  6 rats
347 creatures vanquished.

Vanquished Creatures (collateral kills)
  Jorgrun (D:12)
  Frances (D:14)
  Kirke (D:14)
  2 hydras
  3 centaur warriors
  3 boulder beetles (D:13)
  2 two-headed ogres
  Urug (D:11)
  Sonja (D:10)
  2 skeletal warriors (D:14)
  An orc knight (Orc:1)
  A deep elf archer (D:13)
  2 deep elf zephyrmancers (D:13)
  3 ugly things
  A deep elf pyromancer (D:13)
  A manticore (D:12)
  A wolf spider (D:13)
  2 cyclopes
  A gargoyle (D:12)
  A centaur skeleton (D:13)
  2 kobold demonologists (D:10)
  Psyche (D:11)
  A freezing wraith (D:15)
  4 ice devils (D:11)
  3 trolls
  8 slime creatures
  A jumping spider (D:13)
  3 wraiths
  3 yaks (D:11)
  A hog (shapeshifter) (D:14)
  A hog (D:14)
  A redback (D:13)
  2 vampire mosquitoes (D:12)
  An acid dragon (D:11)
  3 orc warriors (Orc:1)
  A boggart (D:13)
  3 centaurs
  7 kobold brigands
  A lava snake (D:13)
  An orc priest (Orc:1)
  An orc wizard (D:9)
  3 ufetubi (D:11)
  4 orcs
  7 kobolds (D:10)
  A kobold skeleton (D:10)
  4 kobold zombies (D:10)
  A bush (D:12)
100 creatures vanquished.

Vanquished Creatures (others)
  An orc high priest (D:11)
  3 orc priests
  A human (D:14)
  6 orc warriors
  A kobold brigand (D:9)
  2 orc wizards
  10 orcs
  A kobold (D:3)
  15 plants
40 creatures vanquished.

Grand Total: 487 creatures vanquished

Notes
Turn   | Place    | Note
-------+----------+-------------------------------------------
     0 | D:1      | Revguard the Hill Orc Fighter began the quest for the Orb.
     0 | D:1      | Reached XP level 1. HP: 19/19 MP: 1/1
    74 | D:1      | Reached skill level 1 in Invocations
    74 | D:1      | Reached XP level 2. HP: 10/27 MP: 2/2
   730 | D:1      | Reached XP level 3. HP: 33/33 MP: 4/4
   868 | D:1      | Found Wuidex's Weapon Boutique.
   899 | D:1      | HP: 1/33 [poisoned by a kobold]
  1341 | D:2      | Reached skill level 2 in Invocations
  1341 | D:2      | Reached skill level 1 in Evocations
  1348 | D:2      | Reached XP level 4. HP: 17/40 MP: 5/5
  2396 | D:3      | Reached XP level 5. HP: 44/46 MP: 7/7
  2840 | D:3      | Reached skill level 1 in Dodging
  2840 | D:3      | Reached skill level 3 in Invocations
  3122 | D:3      | Became a worshipper of Beogh the Brigand
  3508 | D:3      | Reached XP level 6. HP: 45/53 MP: 8/8
  3770 | D:4      | Found a blossoming altar of Fedhas.
  4086 | D:4      | Reached skill level 1 in Throwing
  4086 | D:4      | Reached skill level 4 in Invocations
  4155 | D:4      | Found a burning altar of Makhleb.
  4156 | D:4      | Found a glowing silver altar of Zin.
  4156 | D:4      | Noticed an angel
  4157 | D:4      | Noticed a green death
  4202 | D:4      | Noticed Grinder
  4224 | D:4      | Paralysed by Grinder for 3 turns
  4228 | D:4      | Killed Grinder
  4229 | D:4      | Reached XP level 7. HP: 60/60 MP: 10/10
  4468 | D:4      | Noticed Eustachio
  4524 | D:4      | Killed Eustachio
  4525 | D:4      | Reached skill level 5 in Fighting
  4525 | D:4      | Reached skill level 5 in Invocations
  4818 | D:4      | Reached XP level 8. HP: 57/68 MP: 10/12
  4826 | D:4      | Found a hide-covered altar of Uskayaw.
  4881 | D:4      | Reached * piety under Beogh
  5294 | D:4      | Gained mutation: You are strong-willed. (Will+) [potion of
                  | mutation]
  5294 | D:4      | Gained mutation: Your system is resistant to poisons.
                  | (rPois) [potion of mutation]
  5294 | D:4      | Gained mutation: You are partially covered in iridescent
                  | scales. (AC +2) [potion of mutation]
  5320 | D:5      | Entered Level 5 of the Dungeon
  5501 | D:5      | Reached skill level 5 in Axes
  5503 | D:5      | Reached skill level 6 in Invocations
  5624 | D:5      | Reached skill level 5 in Armour
  5624 | D:5      | Reached skill level 5 in Shields
  6067 | D:5      | Reached XP level 9. HP: 75/75 MP: 14/14
  6078 | D:5      | Reached skill level 7 in Invocations
  6218 | D:5      | Reached ** piety under Beogh
  6466 | D:6      | Noticed Blork the orc
  6476 | D:6      | Killed Blork the orc
  6544 | D:6      | Found a sparkling altar of Nemelex Xobeh.
  6544 | D:6      | Found a hazy altar of Hepliaklqana.
  6972 | D:7      | Found a staircase to the Ecumenical Temple.
  6980 | Temple   | Entered the Ecumenical Temple
  7429 | D:7      | Found a broken altar of Ashenzari.
  7708 | D:8      | Reached skill level 8 in Invocations
  7927 | D:8      | Reached XP level 10. HP: 69/84 MP: 16/16
  8115 | D:8      | Noticed a gargoyle
  8131 | D:8      | Killed a gargoyle
  8217 | D:8      | Noticed a centaur warrior
  8228 | D:8      | Reached skill level 9 in Invocations
  8335 | D:8      | Killed a centaur warrior
  8361 | D:8      | Noticed a centaur warrior
  8367 | D:8      | Killed a centaur warrior
  8368 | D:8      | Reached skill level 5 in Throwing
  8381 | D:8      | Noticed a deep elf pyromancer
  8391 | D:8      | Killed a deep elf pyromancer
  8500 | D:8      | Noticed Joseph
  8530 | D:8      | Killed Joseph
  8531 | D:8      | Reached skill level 10 in Invocations
  8749 | D:9      | Noticed a cyan ugly thing
  8760 | D:9      | Killed a cyan ugly thing
  8761 | D:9      | Reached XP level 11. HP: 26/92 MP: 18/18
  8905 | D:9      | Noticed a two-headed ogre
  8912 | D:9      | Killed a two-headed ogre
  9005 | D:9      | Noticed a sixfirhy
  9140 | D:9      | Found a roughly hewn altar of Beogh.
  9142 | D:9      | Found a staircase to the Orcish Mines.
  9153 | D:9      | Reached *** piety under Beogh
  9546 | D:9      | Found a large runed translucent door.
  9548 | D:9      | Found a large runed translucent door.
  9553 | D:9      | Noticed a centaur warrior
  9560 | D:9      | Found a large runed translucent door.
  9560 | D:9      | Found a large runed translucent door.
  9584 | D:9      | Noticed a two-headed ogre
  9595 | D:9      | Killed a two-headed ogre
  9610 | D:9      | Reached skill level 11 in Invocations
  9825 | D:9      | Noticed a two-headed ogre
  9828 | D:9      | Noticed a cyclops
  9830 | D:9      | Killed a two-headed ogre
  9831 | D:9      | Reached skill level 5 in Evocations
  9837 | D:9      | a cyclops changed into a tarantella
  9860 | D:9      | Identified the +1 pair of gloves of the Land of Plenty
                  | {Str+2}
 10020 | D:9      | Killed a centaur warrior
 10026 | D:9      | Reached skill level 5 in Dodging
 10110 | D:10     | Entered Level 10 of the Dungeon
 10206 | D:10     | Reached **** piety under Beogh
 10235 | D:10     | Gained Gorbash as an ally
 10246 | D:10     | Reached XP level 12. HP: 99/103 MP: 20/20
 10262 | D:10     | Found an ancient bone altar of Kikubaaqudgha.
 10268 | D:10     | Reached ***** piety under Beogh
 10276 | D:10     | Noticed a soul eater
 10456 | D:10     | Found a radiant altar of Vehumet.
 10517 | D:10     | Noticed a two-headed ogre
 10520 | D:10     | Noticed Sonja
 10525 | D:10     | Killed a two-headed ogre
 10526 | D:10     | Reached skill level 12 in Invocations
 10534 | D:10     | Killed Sonja
 10621 | D:10     | Found a staircase to the Lair.
 11497 | D:11     | Your ally Gorbash died
 11678 | D:11     | Gained Gorbash as an ally
 11775 | D:11     | Noticed a five-headed hydra
 11783 | D:11     | Killed a six-headed hydra
 11900 | D:11     | Noticed Psyche
 11905 | D:11     | Killed Psyche
 11983 | D:11     | Noticed Urug
 11994 | D:11     | Killed Urug
 12320 | D:12     | Reached skill level 13 in Invocations
 12452 | D:12     | Reached XP level 13. HP: 60/111 MP: 19/22
 12504 | D:12     | Noticed Jorgrun
 12517 | D:12     | Killed Jorgrun
 12617 | D:12     | Reached skill level 10 in Axes
 13233 | D:13     | Found a gate to the Vaults.
 13443 | D:13     | Reached skill level 10 in Fighting
 13445 | D:13     | Reached skill level 14 in Invocations
 14068 | D:13     | Found a runed translucent door.
 14123 | D:13     | Found a runed translucent gate.
 14128 | D:13     | Identified the +7 whip of Futomo Utuok {drain, rCorr Int+3}
 14130 | D:13     | Found a runed translucent gate.
 14137 | D:13     | Found a runed translucent gate.
 14137 | D:13     | Found a runed translucent gate.
 14137 | D:13     | Found a runed translucent gate.
 14138 | D:13     | Found a runed translucent gate.
 14210 | D:13     | Identified the ring "Xixtos" {rElec rC+ Dex+3 Slay+4}
 14464 | D:14     | Reached XP level 14. HP: 105/122 MP: 24/24
 14544 | D:14     | Noticed Kirke
 14555 | D:14     | Killed Kirke
 14566 | D:14     | Noticed Frances
 14576 | D:14     | Killed Frances
 14860 | D:14     | Found a portal to a secret trove of treasure.
 14985 | D:14     | Reached skill level 15 in Invocations
 15160 | D:15     | Entered Level 15 of the Dungeon
 15518 | Orc:1    | Entered Level 1 of the Orcish Mines
 15583 | Orc:1    | Found a roughly hewn altar of Beogh.
 15593 | Orc:1    | Demolished by an orc knight

Illustrated notes

Levels and vault maps discovered:
D:1:      lightli_arrival_flooded_house, layout_loops_ring, serial_shops, shop
D:2:      layout_rooms, chequers_serial_rivers_large_a, minmay_misc_feat_chi,
          st_stairs_14, chequers_serial_rivers_small_a, minmay_box_of_dots
D:3:      layout_basic
D:4:      layout_basic, grunt_temple_overflow_order_and_chaos_2,
          eat_drink_and_be_merry_uskayaw, mainiacjoe_overflow_cross_hatched,
          uniq_grinder, uniq_eustachio
D:5:      minmay_bubble_buster, layout_rooms, nrook_mini_backslash
D:6:      layout_cave_pools, gammafunk_temple_overflow_statue, st_stairs_7,
          uniq_blork_the_orc
D:7:      layout_basic, ashenzari_altar_1, minmay_temple_entry_tees
D:8:      minmay_the_grid_octo_2x2 [minmay_the_grid_octo_fat_diamond,
          minmay_the_grid_octo_horde, minmay_the_grid_octo_checkered,
          minmay_the_grid_octo_prize_single_spiral], layout_rooms, uniq_joseph
D:9:      layout_loops_cross, david_orc_5, minmay_hollow_rounded_squares
D:10:     wander_kiku_kobolds, layout_loops_ring, vehumet_crystals,
          dpeg_oklobed_lair, uniq_sonja
D:11:     cheibrodos_frozen_isle, layout_irregular_city, uniq_urug, uniq_psyche
D:12:     layout_cave_pods, serial_park, serial_park_fountain,
          serial_park_tiny_2, serial_park_square2, serial_park_tiny_pond,
          minmay_mirror_moons_of_madness, uniq_jorgrun
D:13:     gammafunk_indiana_jones, layout_irregular_city,
          hangedman_vaults_entry_quadrant_bands, nzn_life_drinkers
D:14:     layout_rooms, trove_entry_hex_spiral, uniq_frances, uniq_kirke
D:15:     grunt_enter_depths_snipers, layout_stronghold,
          hangedman_decor_diamond_cutter, serial_column_ruins,
          column_ruins_pillar_6, column_ruins_pillar_6, column_ruins_pillar_2,
          column_ruins_pillar_6, column_ruins_pillar_6, column_ruins_pillar_3,
          column_ruins_pillar_7, column_ruins_pillar_3, column_ruins_pillar_1,
          column_ruins_pillar_5, column_ruins_pillar_2, column_ruins_pillar_1,
          column_ruins_pillar_8, column_ruins_pillar_2, column_ruins_pillar_1,
          column_ruins_pillar_9, column_ruins_pillar_12, column_ruins_pillar_4,
          column_ruins_pillar_2, grunt_ministairs_9
Temple:   eino_temple_water
Orc:1:    layout_caves, special_room [special_room_orc]

Skill      XL: |  1  2  3  4  5  6  7  8  9 10 11 12 13 14 |
---------------+-------------------------------------------+-----
Invocations    | 1 2 3 4 5 6 8 10 11 13 14 15 | 15.1
Axes           | 3 4 5 6 7 8 9 10 11 | 11.2
Evocations     | 1 3 4 5 6 7 |  7.7
Fighting       | 4 5 6 7 8 9 10 | 10.7
Dodging        | 1 2 3 4 5 6 |  6.9
Armour         | 4 5 6 7 8 9 |  9.9
Shields        | 4 5 6 7 8 9 |  9.9
Throwing       | 1 2 3 4 5 6 7 |  7.9

Action                   |  1- 3 |  4- 6 |  7- 9 | 10-12 | 13-15 || total
-------------------------+-------+-------+-------+-------+-------++-------
Melee: War axe           |    93 |   156 |   349 |   411 |   238 ||  1247
Throw: Dart              |       |     4 |     5 |    14 |     5 ||    28
Invok: Convert to Beogh  |       |     1 |       |       |       ||     1
       Smiting           |       |       |       |     4 |     5 ||     9
       Recall Orcish Fol |       |       |       |     4 |     1 ||     5
       Give Item to Name |       |       |       |     2 |       ||     2
Evoke: Wand              |       |       |       |     9 |    11 ||    20
       Box of beasts     |       |       |       |     1 |     2 ||     3
  Use: Potion            |     4 |     2 |     5 |     6 |     2 ||    19
       Scroll            |       |     7 |    11 |     5 |     3 ||    26
 Stab: Distracted        |       |       |       |     3 |     5 ||     8
       Sleeping          |       |       |       |     5 |     3 ||     8
Armor: Scale mail        |    59 |    85 |   184 |    33 |       ||   361
       Acid dragon scale |       |       |       |    10 |       ||    10
       Skin              |       |       |       |     2 |       ||     2
       Shadow dragon sca |       |       |       |   192 |   161 ||   353
Dodge: Dodged            |    69 |    72 |   210 |   227 |   130 ||   708
Block: Buckler           |    33 |    31 |   109 |   129 |    93 ||   395
